 Dungeon Crawl Stone Soup version 0.27.1-34-g3ba077fa99 (webtiles) character file.

Game seed: 13975564002316459257

50 boopmooplesden the Twirler (level 3, -1/30 HPs)
             Began as a Minotaur Gladiator on Jan 1, 2022.
             Killed from afar by Sigmund (4 damage)
             ... with a magic dart
             ... on level 2 of the Dungeon.
             The game lasted 00:01:40 (1392 turns).

boopmooplesden the Twirler (Minotaur Gladiator)     Turns: 1392, Time: 00:01:42

Health: -1/30      AC:  3    Str: 18    XL:     3   Next: 55%
Magic:  2/2        EV: 12    Int:  5    God:
Gold:   56         SH:  0    Dex: 12    Spells: 2/2 levels left

rFire    . . .     SeeInvis .   a - +0 quarterstaff
rCold    . . .     Faith    .   (shield currently unavailable)
rNeg     . . .     Spirit   .   b - +0 leather armour
rPois    .         Reflect  .   c - +0 hat
rElec    .         Harm     .   (no cloak)
rCorr    .         Rampage  .   (no gloves)
Will     .....                  (no boots)
Stlth    +.........             (no amulet)
HPRegen  0.10/turn              (no ring)
MPRegen  0.08/turn              (no ring)

@: confused
A: horns 2, retaliatory headbutt
a: no special abilities


You were on level 2 of the Dungeon.
You visited 1 branch of the dungeon, and saw 2 of its levels.

You collected 56 gold pieces.

Inventory:

Hand Weapons
 a - a +0 quarterstaff (weapon)
 e - a +1 vampiric dagger
Armour
 b - a +0 leather armour (worn)
 c - a +0 hat (worn)
Scrolls
 g - a scroll of teleportation
Potions
 f - a potion of haste {unknown}


   Skills:
 + Level 2.8 Fighting
 + Level 4.4 Staves
 + Level 2.1 Throwing
 + Level 0.4 Armour
 + Level 4.0 Dodging


You had 2 spell levels left.
You didn't know any spells.
Your spell library was empty.

Dungeon Overview and Level Annotations

Branches:
Dungeon (2/15)

Altars:

Shops:
D:1 (

Annotations:
D:2 Sigmund


Innate Abilities, Weirdness & Mutations

You have a pair of horns on your head.
You reflexively headbutt those who attack you in melee.


Message History

You sock Sigmund! You headbutt Sigmund.
Sigmund is almost dead.
Sigmund struggles against the net.
Sigmund casts a spell at you.
You are more confused.
Sigmund struggles against the net.
The net rips apart, and Sigmund comes free!
You see here a scroll labelled OQUTAM HESTUY.
Sigmund mumbles some strange words.
Sigmund flickers and vanishes!
Deactivating autopickup; reactivate with Ctrl-A.
You bump into the rock wall.
You hear some strange, mumbled words.
You are more confused.
Something hits you.
You bump into the rock wall.
Something hits you.
* * * LOW HITPOINT WARNING * * *
You're too confused to move!
Something hits you but does no damage.
A magic dart appears from out of thin air!
The magic dart hits you.
* * * LOW HITPOINT WARNING * * *
Something hits you.
* * * LOW HITPOINT WARNING * * *
You are too confused!
It was a potion of curing.
You feel better.
You hear some strange, mumbled words.
You are confused.
Something hits you.
* * * LOW HITPOINT WARNING * * *
You barely miss something.
You're too confused to move!
Something hits you.
* * * LOW HITPOINT WARNING * * *
Non-targeted confused throw: throwing net
Press: ? - help, Q - select action Dir - look around, f - activate You throw a throwing net.
You hear some strange, mumbled words.
A magic dart appears from out of thin air!
The magic dart hits you.
You die...

##...## # #
#.....# .#. .....#
#.# .....# #.#
#.... #[# # #..#
#.###
#.#####..#####
#.#.##
#.#(.........#
...#.##
#....##@.###.#
..###.#
##.....#{.###.#
...#.##
#......??..>..####
..#.##
#..........[.....
###.#
##$......##.#..###
#(#
#..............#
#.#
#.##...####.#.##
#.# ####.....#<#
###.# ##.#####.#


There were no monsters in sight!

Vanquished Creatures
  An adder (D:2)
  4 ball pythons
  4 bats
  4 endoplasms (D:1)
  3 giant cockroaches
  3 goblins
  3 hobgoblins
  3 jackals (D:1)
  2 kobolds (D:2)
  2 quokkas (D:2)
  3 frilled lizards
  4 rats
36 creatures vanquished.

Notes
Turn   | Place    | Note
-------+----------+-------------------------------------------
     0 | D:1      | boopmooplesden the Minotaur Gladiator began the quest for
                  | the Orb.
     0 | D:1      | Reached XP level 1. HP: 18/18 MP: 0/0
   286 | D:1      | Found Liggyreraph's Antique Weapon Emporium.
   359 | D:1      | Reached XP level 2. HP: 25/25 MP: 1/1
   658 | D:1      | Found a faded altar of an unknown god.
  1039 | D:2      | Noticed Sigmund
  1056 | D:2      | Reached XP level 3. HP: 20/30 MP: 2/2
  1387 | D:2      | HP: 1/30 [something (2)]
  1392 | D:2      | Killed from afar by Sigmund

Illustrated notes

Levels and vault maps discovered:
D:1:      amcnicky_arrival_abandoned_market, layout_loops_corners, serial_shops,
          shop, shapermc_ecumenical_altar_totnotflames, hangedman_decor_points
D:2:      layout_loops_ring, minmay_misc_feat_nine_boxes, minmay_pentomino_v4,
          uniq_sigmund

Skill      XL: |  1  2 |
---------------+-------+-----
Staves         | 4 |  4.4
Dodging        | 4 |  4.0
Fighting       | |  2.8
Throwing       | |  2.1
Armour         | |  0.4

Action                   || total
-------------------------++-------
Melee: Quarterstaff      ||    70
       Headbutt          ||    12
Throw: Throwing net      ||     3
  Use: Scroll            ||     1
       Potion            ||     1
 Stab: Sleeping          ||     1
Armor: Leather armour    ||    22
Dodge: Dodged            ||    35
